 Dungeon Crawl Stone Soup version 0.30-a0-4-ga7cffc901d (webtiles) character file.

Game seed: 12191673168277543099

21 greasedhog the Grave Robber (level 2, 0/17 HPs)
             Began as a Gargoyle Wanderer on Aug 21, 2022.
             Slain by a kobold
             ... wielding a +2 mace of protection
              (6 damage)
             ... on level 1 of the Dungeon.
             The game lasted 00:01:29 (867 turns).

greasedhog the Grave Robber (Gargoyle Wanderer)      Turns: 867, Time: 00:01:30

Health: 0/17       AC:  5    Str: 12    XL:     2   Next: 87%
Magic:  0/3        EV: 11    Int: 14    God:
Gold:   29         SH:  0    Dex: 10    Spells: 2/3 levels left

rFire   . . .      SeeInvis .    a - +0 club
rCold   . . .      Faith    .    (no shield)
rNeg    + . .      Spirit   .    c - +0 robe
rPois   ∞          Reflect  .    (no helmet)
rElec   +          Harm     .    (no cloak)
rCorr   .          Rampage  .    d - +0 pair of gloves
Will    .....                    (no boots)
Stlth   ++........               (no amulet)
HPRegen 0.05/turn                (no ring)
MPRegen 0.08/turn                (no ring)

@: no status effects
A: sickness immunity, AC +2, negative energy resistance 1, electricity
resistance, torment resistance 1, petrification resistance
a: no special abilities


You were on level 1 of the Dungeon.
You visited 1 branch of the dungeon, and saw 1 of its levels.

You collected 29 gold pieces.

Inventory:

Hand Weapons
 a - a +0 club (weapon)
Armour
 c - a +0 robe (worn)
 d - a +0 pair of gloves (worn)
 f - a +0 leather armour
Scrolls
 b - a scroll of vulnerability
Potions
 e - a potion of curing {unknown}


   Skills:
 * Level 1.7 Fighting
 - Level 1.0 Dodging
 - Level 2.1 Stealth
 - Level 1.0 Spellcasting
 - Level 3.2 Necromancy
 * Level 2.5 Earth Magic
 - Level 1.0 Evocations


You had 2 spell levels left.
You knew the following spells:

 Your Spells              Type           Power      Damage    Failure   Level
a - Sandblast             Erth           14%        2d6       10%         1

Your spell library contained the following spells:

 Spells                   Type           Power      Damage    Failure   Level
 Necrotise                Necr           36%        1d5       7%          1
 Stone Arrow              Conj/Erth      8%         3d7       43%         3
 Dispel Undead            Necr           9%         3d8       56%         4
 Corpse Rot               Necr/Pois/Air  3%         N/A       86%         4


Dungeon Overview and Level Annotations

Branches:
Dungeon (1/15)

Altars:


Innate Abilities, Weirdness & Mutations

You are immune to sickness and miasma.
Your stone body is resilient. (AC +2)
You are immune to poison.
You resist negative energy. (rN+)
You are resistant to electric shocks. (rElec)
You are resistant to unholy torment.
You are immune to petrification.


Message History

A hobgoblin is nearby!
A hobgoblin is nearby!
The blast of sand hits the hobgoblin.
The hobgoblin is severely wounded.
The hobgoblin shouts!
You hear an angry hiss.
A ball python comes into view.
You miscast Sandblast.
You are very lightly contaminated with residual magic.
Nothing appears to happen.
The blast of sand misses the hobgoblin.
The hobgoblin hits you.
You are out of magic!
You hit the hobgoblin.
You kill the hobgoblin!
You are out of magic!
The ball python barely misses you. The ball python grabs you.
The ball python constricts you.
You hit the ball python.
You kill the ball python!
Your magical contamination has completely faded away.
You see here a ball python corpse.
g - a scroll labelled HUM DADASAFF
Found a club.
A kobold comes into view. It is wielding a +2 mace of protection.
The blast of sand hits the kobold but does no damage.
The kobold shouts!
You hear a shout!
An endoplasm comes into view.
The kobold hits you with a +2 mace of protection.
The endoplasm quivers.
The blast of sand hits the kobold but does no damage.
The kobold closely misses you.
The blast of sand hits the kobold but does no damage.
The kobold hits you with a +2 mace of protection.
A kobold comes into view. It is wielding a +0 whip.
The kobold hits you with a +2 mace of protection.
As you read the scroll labelled HUM DADASAFF, it crumbles to dust.
It is a scroll of amnesia.
Really abort (and waste the scroll)?
Okay, then.
The kobold hits you with a +2 mace of protection.
You die...

#.#.# #. #. #.#.# . #.
#.### ##. #. #.# # ... #.
#.# #.###.# #. #.#
#.#...#.#############. #.#
#........)............
#.#########J# #######
#.##.....@K.# ......
#.##.######### ......
#.##.........# ##.######
#.##.........# #..........
#.##.........# #.#######'#
#.#.......†..###.#........
#.#...######..##.#[#######
#.....# ##.##.# ###...#
#.##.# #####


You could see an endoplasm and a kobold.

Vanquished Creatures
  2 dart slugs (D:1)
  2 ball pythons (D:1)
  A bat (D:1)
  4 hobgoblins (D:1)
  3 kobolds (D:1)
  A quokka (D:1)
  2 frilled lizards (D:1)
  A rat (D:1)
16 creatures vanquished.

Notes
Turn   | Place    | Note
-------+----------+-------------------------------------------
     0 | D:1      | greasedhog the Gargoyle Wanderer began the quest for the
                  | Orb.
     0 | D:1      | greasedhog set off with the following items: a +0 club, a
                  | scroll of vulnerability, a +0 robe, a +0 pair of gloves;
                  | and the following spells available to memorise: Necrotise,
                  | Sandblast, Stone Arrow, Dispel Undead, Corpse Rot.
     0 | D:1      | Reached XP level 1. HP: 10/10 MP: 2/2
     2 | D:1      | Learned a level 1 spell: Sandblast
   255 | D:1      | Reached skill level 1 in Fighting
   285 | D:1      | Reached XP level 2. HP: 16/16 MP: 0/3
   867 | D:1      | Slain by a kobold

Illustrated notes

Levels and vault maps discovered:
D:1:      matt_arrival_refuge, layout_basic

Skill      XL: |  1  2 |
---------------+-------+-----
Fighting       | 1 |  1.7
Earth Magic    | 2 |  2.5
Dodging        | |  1.0
Stealth        | |  2.1
Spellcasting   | |  1.0
Necromancy     | |  3.2
Evocations     | |  1.0

Action                   || total
-------------------------++-------
Melee: Club              ||    10
 Cast: Sandblast         ||    22
  Use: Scroll            ||     1
Armor: Robe              ||     5
Dodge: Dodged            ||     8

Table legend: (Time is in decaauts)
 A = Elapsed time spent in this place.
 B = Non-inter-level travel time spent in this place.
 C = Inter-level travel time spent in this place.
 D = Time resting spent in this place.
 E = Time spent auto-exploring this place.
 F = Levels seen in this place.
 G = Mean time per level.
                   A        B        C        D        E       F      G
               +--------+--------+--------+--------+--------+-----+--------+
         Total |    881 |    881 |      0 |      0 |    778 |   1 |  881.0 |
       Dungeon |    881 |    881 |      0 |      0 |    778 |   1 |  881.0 |
               +--------+--------+--------+--------+--------+-----+--------+

Top non-repeatable levels by time:
     D:1: 881 daAuts
